 Dungeon Crawl Stone Soup version 0.22-a0-414-gacd343e8ff (webtiles) character file.

85 Manul the Twirler (level 4, 0/34 HPs)
             Began as a Demonspawn Gladiator on May 13, 2018.
             Slain by an adder (1 damage)
             ... on level 2 of the Dungeon.
             The game lasted 00:00:54 (1258 turns).

Manul the Twirler (Demonspawn Gladiator)            Turns: 1258, Time: 00:00:54

Health: 0/34       AC:  8    Str: 15    XL:     4   Next: 25%
Magic:  4/4        EV: 13    Int:  9    God:
Gold:   109        SH:  0    Dex: 15    Spells: 3/3 levels left

rFire    . . .     SeeInvis .   a - +0 quarterstaff
rCold    . . .     Gourm    .   (shield currently unavailable)
rNeg     . . .     Faith    .   h - +2 leather armour {rPois}
rPois    +         Spirit   .   c - +0 helmet
rElec    .         Reflect  .   (no cloak)
rCorr    .         Harm     .   (no gloves)
MR       +....                  (no boots)
Stlth    +.........             (no amulet)
HPRegen  0.11/turn              n - ring of protection from magic
MPRegen  0.09/turn              (no ring)

@: no status effects
A: hooves 2, slimy green scales 1
a: no special abilities


You were on level 2 of the Dungeon.
You were not hungry.

You visited 1 branch of the dungeon, and saw 2 of its levels.

You collected 109 gold pieces.

Inventory:

Hand Weapons
 a - a +0 quarterstaff (weapon)
Missiles
 d - 3 throwing nets (quivered)
Armour
 b - a +0 leather armour
 c - a +0 helmet (worn)
 h - a +2 leather armour of poison resistance (worn)
Jewellery
 n - a ring of protection from magic (left hand)
Wands
 p - a wand of polymorph (9)
Scrolls
 i - a scroll of remove curse {unknown}
 l - a scroll of blinking {unknown}
 o - a scroll of identify {unknown}
Potions
 e - 2 potions of cancellation {unknown}
 g - a potion of curing {unknown}
 j - a potion of heal wounds {unknown}
 k - a potion of degeneration {unknown}
Comestibles
 f - 2 rations
 m - 3 chunks of flesh


   Skills:
 + Level 2.8 Fighting
 + Level 3.7 Staves
 + Level 2.0 Throwing
 + Level 0.6 Armour
 + Level 3.0 Dodging


You had 3 spell levels left.
You didn't know any spells.
Your spell library was empty.

Dungeon Overview and Level Annotations

Branches:
Dungeon (2/15)

Altars:
Kikubaaqudgha


Innate Abilities, Weirdness & Mutations

You have hoof-like feet.
You are partially covered in slimy green scales. (AC +2)


Message History

The adder barely misses you. The adder bites you but does no damage.
The adder completely misses you. The adder bites you but does no damage.
The adder barely misses you. The adder bites you but does no damage.
The adder barely misses you. The adder barely misses you.
The adder closely misses you. The adder misses you. The adder bites you.
* * * LOW HITPOINT WARNING * * *
The adder completely misses you. The adder barely misses you.
The adder bites you.
* * * LOW HITPOINT WARNING * * *
The adder bites you.
* * * LOW HITPOINT WARNING * * *
The adder bites you.
* * * LOW HITPOINT WARNING * * *
The adder bites you.
You die...

.## ### ....###.##
.........####
#.....S...# #@#
#.# #.# #.# #.#
#.# #.# #.#
#.##### ## #.#
#.###.#...###. #.#
#.##..........
#.###.#.......###.
#............## #.
#####.......## #.
##.#...## #.


You could see an adder.

Vanquished Creatures
  Jessica (D:2)
  An orc wizard (D:2)
  An adder (D:2)
  A worm (D:2)
  A dart slug (D:1)
  3 orcs (D:2)
  A giant cockroach (D:1)
  A goblin (D:2)
  2 hobgoblins (D:1)
  2 jackals (D:2)
  2 kobolds
  2 bats
  2 rats (D:1)
20 creatures vanquished.

Notes
Turn   | Place    | Note
-------+----------+-------------------------------------------
     0 | D:1      | Manul the Demonspawn Gladiator began the quest for the Orb.
     0 | D:1      | Reached XP level 1. HP: 16/16 MP: 1/1
   300 | D:1      | Gained mutation: You are partially covered in slimy green scales. (AC +2) [demonic ancestry]
   300 | D:1      | Reached XP level 2. HP: 20/22 MP: 2/2
   571 | D:2      | Gained mutation: You have large cloven feet. [demonic ancestry]
   571 | D:2      | Reached XP level 3. HP: 14/27 MP: 3/3
   883 | D:2      | Found an ancient bone altar of Kikubaaqudgha.
   959 | D:2      | Noticed Jessica
   972 | D:2      | Killed Jessica
   972 | D:2      | Gained mutation: You have hoof-like feet. [demonic ancestry]
   972 | D:2      | Reached XP level 4. HP: 21/34 MP: 4/4
  1257 | D:2      | HP: 1/34 [adder (2)]
  1258 | D:2      | Slain by an adder

Vault maps used:
D:1:      lemuel_arrival_tunnels
D:2:      kiku_gazebo_pond_becter, uniq_jessica

Skill      XL: |  1  2  3 |
---------------+----------+-----
Staves         | 3 |  3.7
Throwing       | 2 |  2.0
Dodging        | 3 |  3.0
Fighting       | |  2.8
Armour         | |  0.6

Action                   |  1- 3 |  4- 6 || total
-------------------------+-------+-------++-------
Melee: Quarterstaff      |    55 |     4 ||    59
       Unarmed           |     7 |       ||     7
       Kick              |     5 |     2 ||     7
  Eat: Chunk             |       |     1 ||     1
Armor: Leather armour    |    15 |    36 ||    51
Dodge: Dodged            |    27 |    73 ||   100

Table legend:
 A = Spawn XP
 B = Non-spawn XP
 C = Spawn XP percentage of total XP
 D = Spawn monster count
 E = Non-spawn monster count
 F = Spawn count percentage of total count
 G = Total turns spent on level
                    A         B        C        D         E        F      G
               +---------+---------+-------+---------+---------+-------+---------
         Total |       0 |     122 |   0.0 |       0 |      20 |   0.0 |  1258
               +---------+---------+-------+---------+---------+-------+---------
           D:1 |       0 |      15 |   0.0 |       0 |       8 |   0.0 |   551
           D:2 |       0 |     107 |   0.0 |       0 |      12 |   0.0 |   707
               +---------+---------+-------+---------+---------+-------+---------
